 Dungeon Crawl Stone Soup version 0.14-a0-2618-g5301534 (webtiles) character file.

31476 Jenx the Conjurer (level 13, -8/79 HPs)
             Began as a Deep Elf Conjurer on Feb 13, 2014.
             Was an Elder of Vehumet.
             Mangled by a death yak (24 damage)
             ... on Level 6 of the Lair of Beasts on Feb 14, 2014.
             The game lasted 01:17:32 (19760 turns).

Jenx the Conjurer (Deep Elf Conjurer)              Turns: 19760, Time: 01:17:32

HP  -8/79        AC 11     Str 10      XL: 13   Next: 24%
MP   1/35        EV 11     Int 23      God: Vehumet [****..]
Gold 377         SH 12     Dex 14 (15) Spells:  6 memorised, 10 levels left

rFire  + . .     SeeInvis .     a - +4,+12 trident of the Grey Skies {flame, Str+2}
rCold  + . .     Clarity  .     N - +1 leather armour {rN+}
rNeg   + . .     Conserve .     Q - +2 buckler {rPois}
rPois  +         rCorr    .     (no helmet)
rElec  +         rRot     .     u - +1 cloak "Qushuos" {rElec rF+ rC+}
SustAb . .       Spirit   .     f - +1 pair of gloves
rMut   .         Warding  .     (no boots)
Saprov . . .     Stasis   .     (no amulet)
MR     +....                    D - ring of wizardry
                                J - +2 ring of protection

@: non-regenerating, about to teleport, mildly diseased, somewhat resistant to
hostile enchantments, fairly stealthy
A: no striking features
a: Renounce Religion


You were on level 6 of the Lair of Beasts.
You worshipped Vehumet.
Vehumet was greatly pleased with you.
You were not hungry.

You visited 3 branches of the dungeon, and saw 16 of its levels.
You also visited: Ossuary and Bailey.

You collected 694 gold pieces.
You spent 317 gold pieces at shops.

Inventory:

Hand weapons
 a - the +4,+12 trident of the Grey Skies (weapon) {flame, Str+2}
   (You found it on level 6 of the Dungeon)

   It emits flame when wielded, causing extra injury to most foes and up to
   double damage against particularly susceptible opponents.
   It affects your strength (+2).
 E - a +0,+0 quarterstaff of freezing
 L - the +2,+2 whip of Axkacvou {drain, Hunger+ rElec MR++ Str+2}
   (You found it on level 6 of the Dungeon)

   A truly terrible weapon, it drains the life of those it strikes.
   It affects your strength (+2).
   It insulates you from electricity.
   It affects your resistance to hostile enchantments.
   It greatly speeds your metabolism.
Armour
 f - a +1 pair of gloves (worn)
 u - the +1 cloak "Qushuos" (worn) {rElec rF+ rC+}
   (You found it on level 5 of the Lair of Beasts)

   It protects you from fire.
   It protects you from cold.
   It insulates you from electricity.
 F - a +2 elven robe of cold resistance
 N - a +1 leather armour of positive energy (worn)
 Q - a +2 buckler of poison resistance (worn)
Comestibles
 b - 4 bread rations
 o - a meat ration
Scrolls
 c - 2 scrolls of holy word {unknown}
 r - 2 scrolls of teleportation
 s - 4 scrolls of fog
 v - a scroll of brand weapon {unknown}
 w - 2 scrolls of magic mapping
 y - a scroll of enchant weapon II
 z - 2 scrolls of fear
 C - a scroll of curse jewellery {unknown}
 G - 2 scrolls of curse armour {unknown}
 K - a scroll of recharging {unknown}
 R - 4 scrolls of remove curse
Jewellery
 d - an uncursed ring of see invisible
 q - an uncursed ring of ice
 D - a ring of wizardry (right hand)
 I - an uncursed ring of protection from magic {unknown}
 J - a +2 ring of protection (left hand)
Potions
 g - 3 potions of speed
 h - a potion of might
 i - 10 potions of heal wounds
 k - 2 potions of mutation {unknown}
 m - 5 potions of curing
 t - 4 potions of brilliance {unknown}
 A - 2 potions of resistance
 B - 3 potions of restore abilities
 H - a potion of berserk rage
 M - 3 potions of agility
 O - a potion of flight {unknown}
Books
 e - a book of Battle

   Spells                             Type                      Level
   Infusion                           Charms                       1
   Shroud of Golubria                 Charms/Translocation         2
   Song of Slaying                    Charms                       2
   Spectral Weapon                    Hexes/Charms                 3
   Regeneration                       Charms/Necromancy            3
 p - a book of Power

   Spells                             Type                      Level
   *Iskenderun's Mystic Blast         Conjuration                  4
   Venom Bolt                         Conjuration/Poison           5
   *Bolt of Magma                     Conjuration/Fire/Earth       5
   Fulminant Prism                    Conjuration/Hexes            5
   Iron Shot                          Conjuration/Earth            6
   *Orb of Destruction                Conjuration                  7
 x - the Handbook of Fiery Conjuration
   (You acquired it on level 4 of the Lair of Beasts)

   Spells                             Type                      Level
   Flame Tongue                       Conjuration/Fire             1
   Throw Frost                        Conjuration/Ice              2
   Force Lance                        Conjuration                  5
   Venom Bolt                         Conjuration/Poison           5
   Delayed Fireball                   Conjuration/Fire             7
 P - a Necronomicon {highlevel}

   This book is beyond your current level of understanding.

   Spells                             Type                      Level
   Haunt                              Necromancy/Summoning         7
   Borgnjor's Revivification          Necromancy                   8
   Death's Door                       Charms/Necromancy            8
   Necromutation                      Transmutation/Necromancy     8
Magical staves
 l - an uncursed staff of earth
Miscellaneous
 j - a fan of gales
 V - a stone of tremors


   Skills:
 - Level 8.4 Fighting
 - Level 4.6 Armour
 - Level 2.4 Dodging
 - Level 2.4 Stealth
 - Level 4.0 Shields
 + Level 11.2 Spellcasting
 * Level 14.0 Conjurations
 - Level 8.2 Hexes
 - Level 5.0 Charms
 - Level 10.0 Fire Magic


You had 10 spell levels left.
You knew the following spells:

 Your Spells              Type           Power        Failure   Level  Hunger
a - Magic Dart            Conj           ####         0%          1    None
b - Dazzling Spray        Conj/Hex       ######..     1%          3    None
c - Bolt of Magma         Conj/Fire/Erth #####.....   1%          5    ###....
d - Iskenderun's Battles  Conj/Chrm      ######..     1%          4    None
e - Orb of Destruction    Conj           ######....   2%          7    #######
x - Iskenderun's Mystic   Conj           ######..     1%          4    None


Dungeon Overview and Level Annotations

Branches:
Dungeon (9/16)             Temple (1/1) D:5            Lair (6/8) D:9
  Swamp (0/5) Lair:3        Snake (0/5) Lair:6
    Orc: D:9-12       Slime: Lair:6-8

Altars:
Ashenzari
Cheibriados
Dithmenos
Elyvilon
Fedhas
Kikubaaqudgha
Makhleb
Nemelex Xobeh
Okawaru
Sif Muna
Trog
Vehumet
Xom
Yredelemnul
Zin
The Shining One

Shops:
D:8 }   D:9 [


Message History

The death yak gores you!
* * * LOW HITPOINT WARNING * * *
Casting: Dazzling Spray
Confirm with . or Enter, or press ? or * to list all spells.
Aiming: Dazzling Spray
Press: ? - help, Shift-Dir - straight line, f/p - death yak
Aim: a death yak (almost dead)
The spray of energy hits the death yak.
The death yak is almost dead.
The death yak gores you.
* * * LOW HITPOINT WARNING * * *
2 death yaks come into view. 3 green rats come into view.
The death yak bellows!
Found an orcish ring mail.
A green rat comes into view.
Read which item? (? for menu, Esc to quit)
As you read the scroll of teleportation, it crumbles to dust.
You feel strangely unstable. The death yak gores you!
You die...

...........................
...........................
...........................
..............P....#f.....
........<.................
.............#............
..............P.##.....##
........Y.....P.# #
........@......f.
.................
.Y.............
...............
.....Y....#.... .###
............[ ..P.
........... .....


rr....... P##. r.r ## You could see 3 death yaks and 4 green rats.

Vanquished Creatures
  Fannar (Lair:6)
  6 hydras
  A death yak (Lair:6)
  A catoblepas (Lair:3)
  Pikel (D:5)
  An orc knight (D:8)
  A griffon (Lair:6)
  7 elephants
  8 spiny frogs
  2 black mambas (Lair:6)
  2 fire drakes
  A two-headed ogre (D:9)
  3 trolls (D:9)
  8 komodo dragons
  5 blink frogs (Lair:1)
  A polar bear (Lair:4)
  A basilisk (Lair:3)
  A grizzly bear (Lair:4)
  18 yaks
  3 elephant slugs
  A hungry ghost (D:9)
  6 hippogriffs
  3 sharks (Lair:4)
  10 wolves (Lair:1)
  A swamp drake (Lair:3)
  2 orc warriors
  7 porcupines
  2 giant goldfish (Lair:4)
  8 ice beasts (Lair:2)
  2 slaves (D:5)
  4 ogres
  A boring beetle (Lair:6)
  A yellow wasp (D:9)
  7 crocodiles
  An elf zombie (D:4)
  Sigmund (D:4)
  2 centaurs (D:9)
  2 giant slugs
  A big kobold (D:9)
  A wyvern zombie (D:9)
  3 elf skeletons (D:4)
  5 agate snails
  A cyclops zombie (D:9)
  10 water moccasins
  12 giant frogs
  A troll zombie (D:8)
  A vampire bat (D:5)
  A hippogriff zombie (D:8)
  3 killer bees (D:9)
  3 electric eels (Lair:4)
  A jellyfish (Lair:4)
  3 goliath beetles
  8 crimson imps
  2 jellies
  An eye of draining (D:7)
  A human zombie (D:4)
  A big fish (Lair:4)
  2 centaur zombies
  A centaur skeleton (D:5)
  12 hounds
  2 orc priests
  9 iguanas
  5 orc wizards
  4 scorpions
  7 worker ants
  5 sheep
  An ogre zombie (D:6)
  Ijyb (D:2)
  14 mummies
  A worker ant zombie (D:5)
  12 green rats
  18 adders
  3 giant centipedes
  4 worms
  An iguana skeleton (D:6)
  2 giant eyeballs
  5 giant geckos
  An ooze (D:3)
  16 orcs
  4 ball pythons
  25 bats
  6 giant cockroaches
  8 hobgoblins
  17 kobolds
  8 quokkas
  7 giant newts
  3 gnoll skeletons (Ossuary)
  7 goblins
  3 goblin skeletons
  16 jackals
  3 kobold skeletons (Ossuary)
  An orc zombie (D:4)
  22 rats
  12 rat skeletons
460 creatures vanquished.

Vanquished Creatures (others)
  A two-headed ogre skeleton (D:5)
  A fungus (Lair:5)
2 creatures vanquished.

Grand Total: 462 creatures vanquished

Notes
Turn   | Place    | Note
--------------------------------------------------------------
     0 | D:1      | Jenx, the Deep Elf Conjurer, began the quest for the Orb.
     0 | D:1      | Reached XP level 1. HP: 10/10 MP: 5/5
   256 | D:1      | Reached XP level 2. HP: 13/15 MP: 8/8
   617 | D:2      | Noticed Ijyb
   627 | D:2      | Killed Ijyb
   627 | D:2      | Reached skill level 5 in Conjurations
   627 | D:2      | Reached XP level 3. HP: 16/19 MP: 0/11
  1292 | D:3      | Learned a level 3 spell: Dazzling Spray
  1789 | D:3      | Reached XP level 4. HP: 24/24 MP: 11/15
  1811 | D:3      | Learned a level 4 spell: Iskenderun's Battlesphere
  2305 | D:4      | Noticed Sigmund
  2656 | D:4      | Reached skill level 1 in Hexes
  2674 | D:4      | Reached skill level 1 in Charms
  2910 | D:4      | Reached XP level 5. HP: 15/28 MP: 1/18
  2918 | D:4      | Learned a level 4 spell: Iskenderun's Mystic Blast
  2982 | D:4      | Found a sand-covered staircase.
  2990 | D:4      | Reached skill level 6 in Conjurations
  2994 | Ossuary  | Entered an ossuary
  3435 | Ossuary  | Reached XP level 6. HP: 24/32 MP: 5/20
  3906 | Ossuary  | HP: 1/32 [mummy (17)]
  4514 | Ossuary  | Reached skill level 5 in Spellcasting
  4531 | Ossuary  | Reached skill level 7 in Conjurations
  4739 | Ossuary  | Identified a scroll of acquirement
  5012 | D:4      | Reached skill level 5 in Charms
  5012 | D:4      | Reached XP level 7. HP: 36/36 MP: 12/22
  5067 | D:4      | Killed Sigmund
  5417 | D:4      | Reached skill level 8 in Conjurations
  5571 | D:5      | Entered Level 5 of the Dungeon
  5622 | D:5      | Found a staircase to the Ecumenical Temple.
  5802 | D:5      | Found an iron altar of Okawaru.
  5840 | D:5      | Reached skill level 9 in Conjurations
  5897 | D:5      | Reached XP level 8. HP: 35/41 MP: 18/25
  5906 | D:5      | Noticed Pikel
  5929 | D:5      | Killed Pikel
  5929 | D:5      | Reached skill level 10 in Conjurations
  6433 | D:6      | Reached skill level 11 in Conjurations
  6574 | D:6      | Reached skill level 1 in Fighting
  6754 | D:6      | Got a faintly glowing trident
  6755 | D:6      | Identified the +4,+12 trident of the Grey Skies {flame, Str+2} (You found it on level 6 of the Dungeon)
  6942 | D:6      | Got an iridescent whip
  6943 | D:6      | Identified the cursed +2,+2 whip of Axkacvou {drain, Hunger+ rElec MR++ Str+2} (You found it on level 6 of the Dungeon)
  7359 | D:7      | Reached XP level 9. HP: 49/49 MP: 18/27
  7545 | D:7      | Found a bloodstained altar of Trog.
  8246 | Temple   | Entered the Ecumenical Temple
  8656 | D:8      | Reached skill level 5 in Fighting
  8720 | D:8      | Found a flagged portal.
  8729 | Bailey   | Entered a bailey
  8760 | Bailey   | Noticed an orc knight
  8768 | Bailey   | Noticed an orc knight
  8775 | D:8      | Found Napt's Gadget Boutique.
  8987 | D:8      | Reached skill level 1 in Armour
  9138 | D:8      | Killed an orc knight
  9485 | D:9      | Reached XP level 10. HP: 59/59 MP: 21/29
  9710 | D:9      | Found Xaceann's Armour Emporium.
  9874 | D:9      | Bought a +2 buckler of poison resistance for 317 gold pieces
  9994 | D:9      | Reached skill level 1 in Shields
  9999 | D:9      | Found a staircase to the Lair.
 10120 | D:9      | Noticed an elephant
 10353 | D:9      | Killed an elephant
 10558 | D:9      | Found a shimmering altar of Xom.
 10558 | D:9      | Found a deep blue altar of Sif Muna.
 10572 | D:9      | Found an iron altar of Okawaru.
 10582 | D:9      | Found a radiant altar of Vehumet.
 10590 | D:9      | Became a worshipper of Vehumet
 10911 | Lair:1   | Entered Level 1 of the Lair of Beasts
 11452 | Lair:1   | Reached XP level 11. HP: 67/67 MP: 15/31
 11839 | Lair:1   | Learned a level 5 spell: Fulminant Prism
 11850 | Lair:1   | Acquired Vehumet's first power
 11850 | Lair:1   | Offered knowledge of Shock by Vehumet.
 12153 | Lair:1   | Reached skill level 5 in Hexes
 13586 | Lair:2   | Noticed a six-headed hydra
 13589 | Lair:2   | Killed a six-headed hydra
 13589 | Lair:2   | Offered knowledge of Throw Frost by Vehumet.
 13623 | Lair:2   | Learned a level 5 spell: Bolt of Magma
 13651 | Lair:2   | Reached skill level 1 in Fire Magic
 13869 | Lair:2   | Found a frozen archway.
 14200 | Lair:3   | Noticed a five-headed hydra
 14200 | Lair:3   | Noticed a four-headed hydra
 14343 | Lair:2   | Learned a level 7 spell: Orb of Destruction
 14490 | Lair:3   | Reached skill level 5 in Fire Magic
 14751 | Lair:3   | Reached XP level 12. HP: 75/75 MP: 12/33
 14758 | Lair:3   | Reached skill level 10 in Spellcasting
 14893 | Lair:3   | Noticed a catoblepas
 14917 | Lair:3   | Noticed a four-headed hydra
 14931 | Lair:3   | Killed a catoblepas
 14951 | Lair:3   | Killed a four-headed hydra
 15091 | Lair:3   | Killed a four-headed hydra
 15103 | Lair:3   | Found a staircase to the Swamp.
 15135 | Lair:3   | Offered knowledge of Conjure Flame by Vehumet.
 15182 | Lair:3   | Killed a five-headed hydra
 15218 | Lair:3   | Reached skill level 12 in Conjurations
 15254 | Lair:2   | Acquired Vehumet's second power
 15390 | Lair:2   | Upgraded the game from 0.14-a0-2604-g6f603d6 to 0.14-a0-2618-g5301534
 15900 | Lair:4   | Noticed a five-headed hydra
 16004 | Lair:4   | Offered knowledge of Stone Arrow by Vehumet.
 16202 | Lair:4   | Killed a five-headed hydra
 16382 | Lair:4   | Identified the Handbook of Fiery Conjuration (You acquired it on level 4 of the Lair of Beasts)
 17106 | Lair:4   | Reached skill level 10 in Fire Magic
 17532 | Lair:5   | Reached skill level 13 in Conjurations
 17539 | Lair:5   | Acquired Vehumet's third power
 17694 | Lair:5   | Offered knowledge of Lightning Bolt by Vehumet.
 17714 | Lair:5   | Got a steaming cloak
 17719 | Lair:5   | Identified the +1 cloak "Qushuos" {rElec rF+ rC+} (You found it on level 5 of the Lair of Beasts)
 18285 | Lair:5   | Reached XP level 13. HP: 79/79 MP: 8/34
 19117 | Lair:6   | Found a staircase to the Snake Pit.
 19636 | Lair:6   | Noticed Fannar
 19641 | Lair:6   | Killed Fannar
 19738 | Lair:6   | Reached skill level 14 in Conjurations
 19760 | Lair:6   | Mangled by a death yak

Action                   |  1- 3 |  4- 6 |  7- 9 | 10-12 | 13-15 || total
-------------------------+-------+-------+-------+-------+-------++-------
Melee: Hand axe          |    33 |    58 |    68 |    60 |       ||   219
       Whip              |       |       |    93 |       |       ||    93
       Trident           |       |       |    26 |    59 |    20 ||   105
 Cast: Magic Dart        |    41 |    89 |   177 |   398 |    32 ||   737
       Dazzling Spray    |     2 |    40 |    53 |   135 |    29 ||   259
       Iskenderun's Myst |       |    11 |    15 |    50 |    10 ||    86
       Iskenderun's Batt |       |     3 |    19 |    76 |    10 ||   108
       Bolt of Magma     |       |       |       |    14 |     3 ||    17
       Orb of Destructio |       |       |       |     3 |     1 ||     4
Evoke: Wand              |       |       |     1 |     5 |     1 ||     7
  Use: Potion            |       |     4 |     1 |     3 |       ||     8
       Scroll            |       |    12 |    12 |    11 |     2 ||    37
 Stab: Sleeping          |       |     1 |     2 |     1 |       ||     4
       Invisible         |       |       |     1 |     4 |     2 ||     7
